| TOP OF THE 1ST |
|
Kannapolis Intimidators batting - Pitching for Burlington Bees : RHP Chris Russell
|
|
Pitching: RHP Chris Russell
|
|
|
Batting: RHB Josiah Wright
|
0-0: Ball 1-0: Called Strike 1-1: Fly out, F3 (Line Drive, 3, EV 68.1 MPH)
|
|
Batting: LHB Robert Rauda
|
0-0: Ball 1-0: Called Strike 1-1: Foul Ball, location: 2F 1-2: Strikes out looking
|
|
Batting: SHB Ruben Velasco Jr.
|
0-0: Swinging Strike 0-1: Ball 1-1: Ball 2-1: Foul Ball, location: 2F 2-2: Ball 3-2: Hit by Pitch
|
|
Batting: RHB Vic Lucatero
|
0-0: Called Strike 0-1: Ball 1-1: Ball 2-1: Fly out, F9 (Flyball, 9, EV 88.8 MPH)
|
| Top of the 1st over - 0 runs, 0 hits, 0 errors, 1 left on base; Kannapolis 0 - Burlington 0 |
| BOTTOM OF THE 1ST |
|
Burlington Bees batting - Pitching for Kannapolis Intimidators : LHP Mark Sharrett
|
|
Pitching: LHP Mark Sharrett
|
|
|
Batting: RHB Timoleon Tsikouna
|
0-0: Foul Ball, location: 2F 0-1: Swinging Strike 0-2: Ball 1-2: Fly out, F8 (Flyball, 8RD, EV 89.4 MPH)
|
|
Batting: RHB Ryan Munro
|
0-0: Ball 1-0: Ball 2-0: Ball 3-0: Called Strike 3-1: Foul Ball, location: 2F 3-2: Fly out, F9 (Flyball, 89S, EV 97.5 MPH)
|
|
Batting: LHB Brett Bugge
|
0-0: Foul Ball, location: 2F 0-1: Ball 1-1: Foul Ball, location: 2F 1-2: Ground out 5-3 (Groundball, 56, EV 85.6 MPH)
|
| Bottom of the 1st over - 0 runs, 0 hits, 0 errors, 0 left on base; Kannapolis 0 - Burlington 0 |
| TOP OF THE 2ND |
|
Kannapolis Intimidators batting - Pitching for Burlington Bees : RHP Chris Russell
|
|
Batting: SHB Matt Childers
|
0-0: Ball 1-0: Ball 2-0: Ball 3-0: Base on Balls
|
|
Batting: RHB Benny O'Connor
|
0-0: Ball 1-0: Swinging Strike 1-1: Foul Ball, location: 2F 1-2: DOUBLE (Line Drive, 3D, EV 106.2 MPH) Matt Childers to third
|
|
Batting: RHB Jeff Cox
|
0-0: Ball 1-0: Fly out, F7 (Flyball, 78M, EV 95.6 MPH)
|
|
Batting: SHB Josh Conner
|
0-0: Ball 1-0: Ball 2-0: Swinging Strike 2-1: Swinging Strike 2-2: Strikes out looking
|
|
Batting: SHB Jason Bresnahan
|
0-0: Called Strike 0-1: Foul Ball, location: 2F 0-2: Ball 1-2: Strikes out swinging
|
| Top of the 2nd over - 0 runs, 1 hit, 0 errors, 2 left on base; Kannapolis 0 - Burlington 0 |
| BOTTOM OF THE 2ND |
|
Burlington Bees batting - Pitching for Kannapolis Intimidators : LHP Mark Sharrett
|
|
Batting: RHB Oren Jones
|
0-0: Ball 1-0: Ball 2-0: Called Strike 2-1: Fly out, F7 (Flyball, 78M, EV 88.8 MPH)
|
|
Batting: RHB Ryuji Ito
|
0-0: Foul Ball, location: 2F 0-1: Ball 1-1: Foul Ball, location: 2F 1-2: Fly out, F9 (Line Drive, 9LM, EV 92.5 MPH)
|
|
Batting: LHB Griffin Ferris
|
0-0: Ball 1-0: Ball 2-0: DOUBLE (Line Drive, 8LD, EV 105.6 MPH)
|
|
Batting: LHB Mark Reeg
|
0-0: Ball 1-0: Ball 2-0: Called Strike 2-1: Ball 3-1: Swinging Strike 3-2: Foul Ball, location: 2F 3-2: Ground out 3-1 (Groundball, 34S, EV 81.9 MPH)
|
| Bottom of the 2nd over - 0 runs, 1 hit, 0 errors, 1 left on base; Kannapolis 0 - Burlington 0 |
| TOP OF THE 3RD |
|
Kannapolis Intimidators batting - Pitching for Burlington Bees : RHP Chris Russell
|
|
Batting: RHB Josiah Wright
|
0-0: Ball 1-0: Foul Ball, location: 2F 1-1: Called Strike 1-2: Foul Ball, location: 2F 1-2: Fly out, F8 (Flyball, 8LM, EV 73.8 MPH)
|
|
Batting: LHB Robert Rauda
|
0-0: Ball 1-0: Called Strike 1-1: Foul Ball, location: 2F 1-2: Strikes out swinging
|
|
Batting: SHB Ruben Velasco Jr.
|
0-0: Foul Ball, location: 2F 0-1: Foul Ball, location: 2F 0-2: Ball 1-2: Foul Ball, location: 2F 1-2: Ball 2-2: Foul Ball, location: 2F 2-2: Ball 3-2: TRIPLE (Flyball, 89XD, EV 92.5 MPH)
|
|
Batting: RHB Vic Lucatero
|
0-0: Ball 1-0: Called Strike 1-1: Swinging Strike 1-2: Ball 2-2: Foul Ball, location: 2F 2-2: DOUBLE (Flyball, 78D, EV 110.0 MPH) Ruben Velasco Jr. scores
|
|
Batting: SHB Matt Childers
|
0-0: Ball 1-0: Ball 2-0: Foul Ball, location: 2F 2-1: Foul Ball, location: 2F 2-2: Ball 3-2: Foul Ball, location: 2F 3-2: Ground out U3 (Groundball, 3, EV 88.1 MPH)
|
| Top of the 3rd over - 1 run, 2 hits, 0 errors, 1 left on base; Kannapolis 1 - Burlington 0 |
| BOTTOM OF THE 3RD |
|
Burlington Bees batting - Pitching for Kannapolis Intimidators : LHP Mark Sharrett
|
|
Batting: RHB Dean LeCroy
|
0-0: Called Strike 0-1: Ball 1-1: Ball 2-1: Ground out 6-3 (Groundball, 6M, EV 108.8 MPH)
|
|
Batting: LHB Mario Anguiano
|
0-0: Ball 1-0: Ground out 4-3 (Groundball, 4, EV 76.9 MPH)
|
|
Batting: RHB Timoleon Tsikouna
|
0-0: Called Strike 0-1: Called Strike 0-2: Ball 1-2: Ball 2-2: Reached on error, E1 (Groundball, 25, EV 76.2 MPH)
|
|
Batting: RHB Ryan Munro
|
0-0: Called Strike 0-1: Fly out, F8 (Flyball, 8LD, EV 106.2 MPH)
|
| Bottom of the 3rd over - 0 runs, 0 hits, 1 error, 1 left on base; Kannapolis 1 - Burlington 0 |
| TOP OF THE 4TH |
|
Kannapolis Intimidators batting - Pitching for Burlington Bees : RHP Chris Russell
|
|
Batting: RHB Benny O'Connor
|
0-0: Ball 1-0: Ball 2-0: Ball 3-0: Base on Balls
|
|
Batting: RHB Jeff Cox
|
0-0: Foul Ball, location: 2F 0-1: Ball 1-1: Ball 2-1: Ball 3-1: Base on Balls Benny O'Connor to second
|
|
Batting: SHB Josh Conner
|
0-0: Ball 1-0: Ball 2-0: Called Strike 2-1: Ball 3-1: Called Strike 3-2: Fielders Choice at 2nd, 3-6 (Groundball, 34, EV 100.0 MPH) Benny O'Connor to third
|
|
Batting: SHB Jason Bresnahan
|
0-0: Called Strike 0-1: Called Strike 0-2: Ball 1-2: Strikes out swinging
|
|
Pitching: RHP Chris Petrey
|
|
|
Batting: RHB Josiah Wright
|
0-0: Ball 1-0: Foul Ball, location: 2F 1-1: Swinging Strike 1-2: Ball Wild Pitch! Benny O'Connor scores Josh Conner to second 2-2: Ball 3-2: Ground out 6-3 (Groundball, 56, EV 82.5 MPH)
|
| Top of the 4th over - 1 run, 0 hits, 0 errors, 1 left on base; Kannapolis 2 - Burlington 0 |
| BOTTOM OF THE 4TH |
|
Burlington Bees batting - Pitching for Kannapolis Intimidators : LHP Mark Sharrett
|
|
Batting: LHB Brett Bugge
|
0-0: Called Strike 0-1: Ground out 6-3 (Groundball, 6, EV 105.0 MPH)
|
|
Batting: RHB Oren Jones
|
0-0: Ball 1-0: Called Strike 1-1: Ball 2-1: SINGLE (Flyball, 8LS, EV 89.4 MPH) - OUT at second base trying to stretch hit.
|
|
Batting: RHB Ryuji Ito
|
0-0: Ball 1-0: Fly out, F7 (Flyball, 78M, EV 83.8 MPH)
|
| Bottom of the 4th over - 0 runs, 1 hit, 0 errors, 0 left on base; Kannapolis 2 - Burlington 0 |
| TOP OF THE 5TH |
|
Kannapolis Intimidators batting - Pitching for Burlington Bees : RHP Chris Petrey
|
|
Batting: LHB Robert Rauda
|
0-0: Called Strike 0-1: Ball 1-1: Foul Ball, location: 2F 1-2: Ball 2-2: Foul Ball, location: 2F 2-2: Foul Ball, location: 2F 2-2: Strikes out looking
|
|
Batting: SHB Ruben Velasco Jr.
|
0-0: Ball 1-0: Ground out 4-3 (Groundball, 4, EV 85.6 MPH)
|
|
Batting: RHB Vic Lucatero
|
0-0: Ball 1-0: Ground out 1-3 (Groundball, 13, EV 71.2 MPH)
|
| Top of the 5th over - 0 runs, 0 hits, 0 errors, 0 left on base; Kannapolis 2 - Burlington 0 |
| BOTTOM OF THE 5TH |
|
Burlington Bees batting - Pitching for Kannapolis Intimidators : LHP Mark Sharrett
|
|
Batting: LHB Griffin Ferris
|
0-0: Called Strike 0-1: Ball 1-1: Foul Ball, location: 2F 1-2: Ball 2-2: Ball 3-2: Fly out, F7 (Flyball, 7LSF, EV 78.1 MPH)
|
|
Batting: LHB Mark Reeg
|
0-0: Foul Ball, location: 2F 0-1: Ball 1-1: Ball 2-1: Swinging Strike 2-2: SINGLE (Line Drive, 4D, EV 95.0 MPH)
|
|
Batting: RHB Dean LeCroy
|
0-0: Ball Mark Reeg steals 2nd base 1-0: Ball 2-0: Foul Ball, location: 2F 2-1: SINGLE (Line Drive, 8RS, EV 112.5 MPH) Mark Reeg to third
|
|
Batting: LHB Mario Anguiano
|
0-0: Ball 1-0: Called Strike 1-1: Grounds into double play, 6-4-3 (Groundball, 6, EV 97.5 MPH)
|
| Bottom of the 5th over - 0 runs, 2 hits, 0 errors, 1 left on base; Kannapolis 2 - Burlington 0 |
| TOP OF THE 6TH |
|
Kannapolis Intimidators batting - Pitching for Burlington Bees : RHP Chris Petrey
|
|
Batting: SHB Matt Childers
|
0-0: Hit by Pitch
|
|
Batting: RHB Benny O'Connor
|
0-0: Ball 1-0: Called Strike 1-1: Foul Ball, location: 2F 1-2: Ball 2-2: Foul Ball, location: 2F 2-2: Foul Ball, location: 2F 2-2: Grounds into double play, 5-4-3 (Groundball, 56S, EV 78.8 MPH)
|
|
Batting: RHB Jeff Cox
|
0-0: Ball 1-0: Ground out 6-3 (Groundball, 6, EV 85.0 MPH)
|
| Top of the 6th over - 0 runs, 0 hits, 0 errors, 0 left on base; Kannapolis 2 - Burlington 0 |
| BOTTOM OF THE 6TH |
|
Burlington Bees batting - Pitching for Kannapolis Intimidators : LHP Mark Sharrett
|
|
Batting: RHB Timoleon Tsikouna
|
0-0: Foul Ball, location: 2F 0-1: Fly out, F9 (Flyball, 9LS, EV 91.9 MPH)
|
|
Batting: RHB Ryan Munro
|
0-0: Called Strike 0-1: Fly out, F9 (Flyball, 9, EV 89.4 MPH)
|
|
Batting: LHB Brett Bugge
|
0-0: Called Strike 0-1: Ball 1-1: Ground out 3-1 (Groundball, 34, EV 96.9 MPH)
|
| Bottom of the 6th over - 0 runs, 0 hits, 0 errors, 0 left on base; Kannapolis 2 - Burlington 0 |
| TOP OF THE 7TH |
|
Kannapolis Intimidators batting - Pitching for Burlington Bees : RHP Chris Petrey
|
|
Pitching: RHP Billy Havlik
|
|
|
Batting: SHB Josh Conner
|
0-0: Ball 1-0: Called Strike 1-1: Called Strike 1-2: Ball 2-2: Ground out U3 (Groundball, 34S, EV 76.2 MPH)
|
|
Batting: SHB Jason Bresnahan
|
0-0: Called Strike 0-1: Ball 1-1: Swinging Strike 1-2: Ball 2-2: Strikes out swinging
|
|
Batting: RHB Josiah Wright
|
0-0: Called Strike 0-1: Ground out 6-3 (Groundball, 6, EV 81.2 MPH)
|
| Top of the 7th over - 0 runs, 0 hits, 0 errors, 0 left on base; Kannapolis 2 - Burlington 0 |
| BOTTOM OF THE 7TH |
|
Burlington Bees batting - Pitching for Kannapolis Intimidators : LHP Mark Sharrett
|
|
Pitching: RHP Frank Gamez
|
|
|
Batting: RHB Oren Jones
|
0-0: Ball 1-0: Ball 2-0: Ball 3-0: Base on Balls
|
|
Batting: RHB Ryuji Ito
|
0-0: Ball 1-0: Called Strike 1-1: Ball 2-1: Ball 3-1: Foul Ball, location: 2F 3-2: Foul Ball, location: 2F 3-2: Base on Balls Oren Jones to second
|
|
Batting: LHB Griffin Ferris
|
0-0: Called Strike 0-1: Foul Ball, location: 2F 0-2: Foul Ball, location: 2F 0-2: Strikes out swinging
|
|
Batting: LHB Mark Reeg
|
0-0: Ball 1-0: Called Strike 1-1: Swinging Strike 1-2: Strikes out swinging
|
|
Batting: RHB Dean LeCroy
|
0-0: Ball 1-0: Ball 2-0: Foul Ball, location: 2F 2-1: Fielders Choice at 2nd, 6-4 (Groundball, 6, EV 81.2 MPH)
|
| Bottom of the 7th over - 0 runs, 0 hits, 0 errors, 2 left on base; Kannapolis 2 - Burlington 0 |
| TOP OF THE 8TH |
|
Kannapolis Intimidators batting - Pitching for Burlington Bees : RHP Billy Havlik
|
|
Pitching: LHP Ryouhei Hosaka
|
|
|
Batting: LHB Robert Rauda
|
0-0: Called Strike 0-1: Ball 1-1: Called Strike 1-2: Ball 2-2: Ball 3-2: Strikes out swinging passed ball, reaches first!
|
|
Batting: SHB Ruben Velasco Jr.
|
0-0: Called Strike Robert Rauda is caught stealing 2nd base 2-4 0-1: Foul Ball, location: 2F 0-2: Foul Ball, location: 2F 0-2: Ball 1-2: Foul Ball, location: 2F 1-2: Foul Ball, location: 2F 1-2: Ball 2-2: Foul Ball, location: 2F 2-2: Ball 3-2: Ground out 6-3 (Groundball, 6, EV 102.5 MPH)
|
|
Batting: RHB Vic Lucatero
|
0-0: Ball 1-0: Ball 2-0: Ball 3-0: Foul Ball, location: 2F 3-1: Swinging Strike 3-2: Foul Ball, location: 2F 3-2: Base on Balls
|
|
Batting: SHB Matt Childers
|
0-0: Ball 1-0: Called Strike 1-1: DOUBLE (Groundball, 5L, EV 105.0 MPH) Vic Lucatero to third Runner from 3rd tries for Home, SAFE, throw by LF to trailing runner, SAFE at third!
|
|
Batting: RHB Benny O'Connor
|
0-0: Ground out U3 (Groundball, 34S, EV 91.9 MPH)
|
| Top of the 8th over - 1 run, 1 hit, 0 errors, 1 left on base; Kannapolis 3 - Burlington 0 |
| BOTTOM OF THE 8TH |
|
Burlington Bees batting - Pitching for Kannapolis Intimidators : RHP Frank Gamez
|
|
Pitching: LHP Jonas Jennings
|
|
|
Batting: LHB Mario Anguiano
|
0-0: Ball 1-0: Swinging Strike 1-1: Called Strike 1-2: Strikes out swinging
|
|
Batting: RHB Timoleon Tsikouna
|
0-0: Foul Ball, location: 2F 0-1: Ball 1-1: Called Strike 1-2: Ball 2-2: Ball 3-2: Foul Ball, location: 2F 3-2: Strikes out looking
|
|
Batting: RHB Ryan Munro
|
0-0: Ball 1-0: Ball 2-0: Called Strike 2-1: Foul Ball, location: 2F 2-2: Strikes out swinging
|
| Bottom of the 8th over - 0 runs, 0 hits, 0 errors, 0 left on base; Kannapolis 3 - Burlington 0 |
| TOP OF THE 9TH |
|
Kannapolis Intimidators batting - Pitching for Burlington Bees : LHP Ryouhei Hosaka
|
|
Pitching: RHP Victor Delgado
|
|
|
Batting: RHB Jeff Cox
|
0-0: Foul Ball, location: 2F 0-1: Ball 1-1: Called Strike 1-2: SINGLE (Groundball, 34D, EV 99.4 MPH)
|
|
Batting: SHB Josh Conner
|
0-0: Ball 1-0: SINGLE (Groundball, 34D, EV 98.8 MPH) Jeff Cox to second Runner from 2nd tries for 3rd, SAFE, throw by RF made to third
|
|
Batting: SHB Jason Bresnahan
|
0-0: Called Strike 0-1: Foul Ball, location: 2F 0-2: Foul Ball, location: 2F 0-2: Ball 1-2: Foul Ball, location: 2F 1-2: Strikes out looking
|
|
Batting: RHB Josiah Wright
|
0-0: Foul Ball, location: 2F 0-1: Called Strike 0-2: Foul Ball, location: 2F 0-2: SINGLE (Groundball, 6MD, EV 103.8 MPH) Jeff Cox scores Josh Conner to second
|
|
Batting: LHB Robert Rauda
|
0-0: Foul Ball, location: 2F 0-1: Ball 1-1: SINGLE (Groundball, 3D, EV 105.0 MPH) Josh Conner to third Josiah Wright to second
|
|
Batting: SHB Ruben Velasco Jr.
|
0-0: Ball 1-0: Ball 2-0: Fielders Choice at 2nd, 4-6 (Groundball, 4, EV 83.1 MPH) Josh Conner scores Josiah Wright to third
|
|
Batting: RHB Vic Lucatero
|
0-0: Called Strike 0-1: Ball 1-1: Foul Ball, location: 2F 1-2: Ground out 4-3 (Groundball, 4, EV 81.2 MPH)
|
| Top of the 9th over - 2 runs, 4 hits, 0 errors, 2 left on base; Kannapolis 5 - Burlington 0 |
| BOTTOM OF THE 9TH |
|
Burlington Bees batting - Pitching for Kannapolis Intimidators : LHP Jonas Jennings
|
|
Batting: LHB Brett Bugge
|
0-0: Ball 1-0: Ball 2-0: Ball 3-0: Called Strike 3-1: SOLO HOME RUN (Flyball, 89XD, EV 99.4 MPH), Distance : 405 ft
|
|
Batting: RHB Oren Jones
|
0-0: Called Strike 0-1: Foul Ball, location: 2F 0-2: Foul Ball, location: 2F 0-2: Ball 1-2: Foul Ball, location: 2F 1-2: Foul Ball, location: 2F 1-2: Ground out 6-3 (Groundball, P, EV 86.2 MPH)
|
|
Batting: RHB Ryuji Ito
|
0-0: Called Strike 0-1: Ball 1-1: Foul Ball, location: 2F 1-2: Foul Ball, location: 2F 1-2: Foul Ball, location: 2F 1-2: Fly out, F6 (Popup, 6M, EV 59.4 MPH)
|
|
Batting: LHB Griffin Ferris
|
0-0: Foul Ball, location: 2F 0-1: Ball 1-1: Ball 2-1: Called Strike 2-2: Ball 3-2: Foul Ball, location: 2F 3-2: Foul Ball, location: 2F 3-2: Base on Balls
|
|
Pitching: RHP Ron Knowles
|
|
|
Batting: LHB Mark Reeg
|
0-0: Ball 1-0: Called Strike 1-1: Ball 2-1: Swinging Strike 2-2: Strikes out looking
|
| Bottom of the 9th over - 1 run, 1 hit, 0 errors, 1 left on base; Kannapolis 5 - Burlington 1 |
|